 Dungeon Crawl Stone Soup version 0.21.0-26-g889b8f6 (webtiles) character file.

4834 pk666 the Fighter (level 10, 0/100 HPs)
             Began as a Minotaur Berserker on Jan 27, 2018.
             Was a High Priest of Trog.
             Slain by a vampire (12 damage)
             ... on level 10 of the Dungeon.
             The game lasted 00:20:40 (7008 turns).

pk666 the Fighter (Minotaur Berserker)              Turns: 7008, Time: 00:20:40

Health: 0/100      AC: 12    Str: 27    XL:     10   Next: 25%
Magic:  9/9        EV: 11    Int:  4    God:    Trog [*****.]
Gold:   445        SH:  0    Dex: 11    Spells: 9/9 levels left

rFire    . . .     SeeInvis .   a - +0 hand axe
rCold    . . .     Gourm    .   (no shield)
rNeg     . . .     Faith    .   B - +6 ring mail of Moral Flaws {MR+}
rPois    .         Spirit   .   (helmet restricted)
rElec    .         Reflect  .   (no cloak)
rCorr    .         Harm     .   w - +0 pair of gloves
MR       ++...                  (no boots)
Stlth    +.........             (no amulet)
HPRegen  0.26/turn              v - ring of protection from magic
MPRegen  0.11/turn              n - +3 ring of strength

@: no status effects
A: retaliatory headbutt, horns 2
a: Berserk, Trog's Hand, Brothers in Arms, Burn Spellbooks, Renounce Religion


You were on level 10 of the Dungeon.
You worshipped Trog.
Trog was extremely pleased with you.
You were not hungry.

You visited 1 branch of the dungeon, and saw 10 of its levels.

You collected 588 gold pieces.
You spent 143 gold pieces at shops.

Inventory:

Hand Weapons
 a - a +0 hand axe (weapon)
Armour
 h - a +0 chain mail
 w - a +0 pair of gloves (worn)
 B - the +6 ring mail of Moral Flaws (worn) {MR+}
   (You found it on level 8 of the Dungeon)

   It affects your resistance to hostile enchantments.
Jewellery
 n - a +3 ring of strength (right hand)
 v - a ring of protection from magic (left hand)
 E - an uncursed ring of ice {unknown}
Wands
 r - a wand of digging (17)
 x - a wand of acid (9)
 z - a wand of disintegration (7)
 G - a wand of polymorph (13)
Scrolls
 b - a scroll of blinking {unknown}
 e - 2 scrolls of amnesia {unknown}
 i - 5 scrolls of identify
 j - 4 scrolls of remove curse
 k - 3 scrolls of teleportation {unknown}
 q - 2 scrolls of immolation {unknown}
 t - 2 scrolls of magic mapping {unknown}
 u - a scroll of fog {unknown}
 y - 2 scrolls of enchant armour {unknown}
 F - a scroll of torment {unknown}
Potions
 f - 6 potions of might
 g - 5 potions of invisibility
 l - 2 potions of curing
 m - 2 potions of flight
 o - 3 potions of agility
 p - 2 potions of lignification {unknown}
 s - 3 potions of brilliance
 A - a potion of magic {unknown}
 C - a potion of ambrosia {unknown}
Books
 D - a book of Air

   Spells                             Type                      Level
   a - Shock                          Conjuration/Air              1
   b - Swiftness                      Charms/Air                   2
   c - Static Discharge               Conjuration/Air              3
   d - Airstrike                      Air                          4
   e - Lightning Bolt                 Conjuration/Air              5
   Trog disapproves of the use of such an item.
Comestibles
 c - 19 rations


   Skills:
 + Level 12.9 Fighting
 + Level 12.8 Axes
 - Level 2.4 Armour
 - Level 2.1 Dodging


You had 9 spell levels left.
You didn't know any spells.

Dungeon Overview and Level Annotations

Branches:
Dungeon (10/15)            Temple (0/1) D:7
   Lair: D:8-11         Orc: D:9-12

Altars:
Gozag
Makhleb
Qazlal

Shops:
D:4 =   D:7 !

Annotations:
D:8 Maurice


Innate Abilities, Weirdness & Mutations

You reflexively headbutt those who attack you in melee.
You have a pair of horns on your head.


Message History

* * * LOW HITPOINT WARNING * * *
Something draws strength from your injuries!
You closely miss something. You miss something. Your headbutt misses something.
Something hits you.
* * * LOW HITPOINT WARNING * * *
Something bites you but does no damage.
You hit something. Something hits you but does no damage. Something bites you.
* * * LOW HITPOINT WARNING * * *
Something draws strength from your injuries!
You hit something but do no damage. You headbutt something.
You feel better. Something hits you.
* * * LOW HITPOINT WARNING * * *
Something bites you but does no damage.
You hit something but do no damage.
A vampire appears from thin air!
Reactivating autopickup.
The vampire hits you!
* * * LOW HITPOINT WARNING * * *
The vampire barely misses you.
You feel better. The vampire hits you!
You die...

#.####.#....##....#
#......#..........#
#......#..........#
#......#..........#
#......#....##....#
#......#....##....#
#......'.....#....#
#......#.....#....#
#.###.@#.....#....#
#. #†V# ....# #
.[..# ...## .......
..# #....... ...
#.......# #..$....#
#.......#


You could see a vampire.

Vanquished Creatures
  The ghost of bazoo the Cleaver, a novice BaFi of Makhleb (D:10)
  Joseph (D:8)
  The ghost of Ashar the Carver, a novice DsGl of Ru (D:5)
  Grinder (D:3)
  Sigmund (D:2)
  A wyvern (D:9)
  3 hungry ghosts
  A vampire mosquito (D:9)
  2 sky beasts
  2 ice beasts (D:8)
  2 phantoms (D:5)
  3 ogres
  3 centaurs
  6 bullfrogs
  2 scorpions
  3 howler monkeys
  2 crimson imps
  A quasit (D:9)
  2 hounds (D:8)
  2 jellies
  4 bullfrog skeletons
  Ijyb (D:3)
  2 iguanas
  4 orc wizards
  9 worker ants
  A killer bee zombie (D:7)
  A hound skeleton (D:7)
  2 worker ant zombies
  6 gnolls (D:7)
  3 adders
  A howler monkey skeleton (D:6)
  An adder zombie (D:7)
  2 adder skeletons
  3 worms (D:2)
  2 dart slugs (D:1)
  7 leopard geckos
  18 orcs
  6 giant cockroaches
  7 hobgoblins
  3 jackals (D:1)
  4 quokkas
  2 ball pythons
  5 bats (D:1)
  2 frilled lizards (D:5)
  8 goblins
  8 kobolds
  A leopard gecko zombie (D:6)
  5 rats
158 creatures vanquished.

Notes
Turn   | Place    | Note
-------+----------+-------------------------------------------
     0 | D:1      | pk666 the Minotaur Berserker began the quest for the Orb.
     0 | D:1      | Reached XP level 1. HP: 19/19 MP: 0/0
    88 | D:1      | Reached XP level 2. HP: 5/27 MP: 1/1
   246 | D:1      | Reached XP level 3. HP: 21/34 MP: 2/2
   281 | D:1      | Reached ** piety under Trog
   786 | D:2      | Noticed Sigmund
   797 | D:2      | Killed Sigmund
   797 | D:2      | Reached skill level 5 in Fighting
   797 | D:2      | Reached skill level 5 in Axes
   797 | D:2      | Reached XP level 4. HP: 22/44 MP: 3/3
   797 | D:2      | Reached XP level 5. HP: 25/50 MP: 4/4
  1352 | D:2      | You fall through a shaft for 2 floors!
  1394 | D:4      | Found an opulent altar of Gozag.
  1757 | D:3      | Noticed Grinder
  1769 | D:3      | Killed Grinder
  1769 | D:3      | Reached XP level 6. HP: 57/60 MP: 5/5
  1850 | D:3      | Noticed Ijyb
  1858 | D:3      | Killed Ijyb
  2247 | D:4      | Reached XP level 7. HP: 66/66 MP: 6/6
  2364 | D:4      | Found Xiaho's Jewellery Boutique.
  2807 | D:5      | Entered Level 5 of the Dungeon
  2821 | D:5      | Reached *** piety under Trog
  2921 | D:5      | Noticed Ashar's ghost (novice DsGl)
  2934 | D:5      | Killed Ashar's ghost
  2934 | D:5      | Reached XP level 8. HP: 40/77 MP: 7/7
  4258 | D:7      | Found Wuoshrer's Distillery.
  4268 | D:7      | Bought a potion of heal wounds for 55 gold pieces
  4268 | D:7      | Bought a potion of degeneration for 11 gold pieces
  4268 | D:7      | Bought a potion of flight for 33 gold pieces
  4268 | D:7      | Bought a potion of agility for 44 gold pieces
  4370 | D:7      | Found a stormy altar of Qazlal.
  4406 | D:7      | Reached skill level 10 in Fighting
  4406 | D:7      | Reached skill level 10 in Axes
  4483 | D:7      | Found a staircase to the Ecumenical Temple.
  4913 | D:8      | Got a dazzling ring mail
  4924 | D:8      | Identified the +6 ring mail of Moral Flaws {MR+} (You found it on level 8 of the Dungeon)
  4939 | D:8      | Reached XP level 9. HP: 86/86 MP: 8/8
  5177 | D:8      | Noticed Joseph
  5193 | D:8      | Killed Joseph
  5476 | D:8      | Found a burning altar of Makhleb.
  5498 | D:8      | Noticed Maurice
  5849 | D:9      | Reached **** piety under Trog
  6744 | D:10     | Entered Level 10 of the Dungeon
  6777 | D:10     | Reached XP level 10. HP: 96/99 MP: 9/9
  6871 | D:10     | Noticed bazoo's ghost (novice BaFi)
  6885 | D:10     | Killed bazoo's ghost
  6908 | D:10     | Reached ***** piety under Trog
  7007 | D:10     | HP: 2/100 [vampire (9)]
  7008 | D:10     | Slain by a vampire

Skill      XL: |  1  2  3  4  5  6  7  8  9 |
---------------+----------------------------+-----
Fighting       | 4 5 7 8 10 12 | 12.9
Axes           | 4 5 7 8 10 12 | 12.8
Armour         | |  2.4
Dodging        | |  2.1

Action                   |  1- 3 |  4- 6 |  7- 9 | 10-12 || total
-------------------------+-------+-------+-------+-------++-------
Melee: Hand axe          |    66 |    64 |   400 |    47 ||   577
       Headbutt          |    15 |    17 |    76 |    13 ||   121
Invok: Berserk           |       |       |     1 |     1 ||     2
  Use: Scroll            |       |       |     5 |       ||     5
       Potion            |       |       |       |     3 ||     3
 Stab: Sleeping          |     1 |       |       |       ||     1
  Eat: Chunk             |       |     4 |    20 |     2 ||    26
       Ration            |       |       |     2 |       ||     2
Armor: Animal skin       |     9 |       |       |       ||     9
       Chain mail        |     3 |    18 |    67 |       ||    88
       Ring mail         |       |       |    90 |    17 ||   107
Dodge: Dodged            |    37 |    31 |   155 |    12 ||   235
